 Dungeon Crawl Stone Soup version 0.31-a0-692-gf03d1854d5 (webtiles) character file.

Game seed: 12353861352328560633

82 qw the Shooter (level 4, -2/28 HPs)
             Began as a Gargoyle Hunter on Sept 6, 2023.
             Was an Initiate of Okawaru.
             Slain by Sigmund
             ... wielding a +1 scythe of venom
              (8 damage)
             ... on level 2 of the Dungeon.
             The game lasted 00:00:34 (1309 turns).

qw the Shooter (Gargoyle Hunter)                    Turns: 1309, Time: 00:00:34

Health: -2/28      AC:  8    Str: 14    XL:     4   Next: 43%
Magic:  4/4        EV: 10    Int: 10    God:    Okawaru [......]
Gold:   154        SH:  0    Dex: 15    Spells: 3/3 levels left

rFire   + . .        Y - +0 shortbow (chaos)
rCold   . . .        (shield currently unavailable)
rNeg    + . .        f - +0 ring mail
rPois   inf          (no helmet)
rElec   +            (no cloak)
rCorr   .            (no gloves)
SInv    .            (no boots)
Will    +....        (no amulet)
Stlth   +            g - ring of protection from fire
HPRegen 0.24/turn    c - ring of willpower
MPRegen 0.09/turn

%: no passive effects
@: no status effects
A: sickness immunity, AC +3, negative energy resistance 1, electricity
resistance, torment resistance 1, petrification resistance
a: Renounce Religion


You were on level 2 of the Dungeon.
You worshipped Okawaru.
Okawaru was noncommittal.
You visited 1 branch of the dungeon, and saw 2 of its levels.

You collected 154 gold pieces.


Innate Abilities, Weirdness & Mutations

You are immune to sickness and miasma.
Your stone body is resilient. (AC +3)
You are immune to poison.
You resist negative energy. (rN+)
You are resistant to electric shocks. (rElec)
You are resistant to unholy torment.
You are immune to petrification.


   Skills:
 - Level 3.0 Fighting
 + Level 5.3 Ranged Weapons
 - Level 1.0 Armour
 - Level 1.5 Dodging
 - Level 1.1 Stealth


You had 3 spell levels left.
You didn't know any spells.
Your spell library was empty.

Inventory:

Hand Weapons
 Y - a +0 shortbow of chaos (weapon)
Armour
 f - a +0 ring mail (worn)
 h - a +0 helmet
Jewellery
 c - a ring of willpower (right hand)
 g - a ring of protection from fire (left hand)
Scrolls
 d - 2 scrolls of revelation {unknown}
Potions
 a - a potion of curing {unknown}
 b - 2 potions of enlightenment {unknown}
 e - a potion of heal wounds

Dungeon Overview and Level Annotations

Branches:
Dungeon (2/15)

Altars:
Okawaru

Annotations:
D:2 Sigmund


Message History

You shoot an arrow. The arrow hits the jackal.
The arrow freezes the jackal.
You kill the jackal!
Okawaru accepts your kill.
You shoot an arrow. The arrow hits the jackal.
The jackal is lightly wounded.
You shoot an arrow. The arrow hits the jackal.
The arrow burns the jackal.
You kill the jackal!
Okawaru accepts your kill.
Sigmund the Dreaded comes into view.
He is wielding a +1 scythe of venom.
You shoot an arrow. The arrow hits Sigmund.
Sigmund is lightly wounded.
Sigmund gestures at you while chanting. You resist with almost no effort.
You shoot an arrow. The arrow barely misses Sigmund.
You shoot an arrow. The arrow completely misses Sigmund.
You shoot an arrow. The arrow hits Sigmund!
Sigmund seems to speed up.
Sigmund is moderately wounded.
Sigmund gestures at you while chanting. The puff of flame hits you. You resist.
You shoot an arrow.
The arrow hits Sigmund but does no damage.
Sigmund is moderately wounded.
Sigmund closely misses you.
You shoot an arrow. The arrow hits Sigmund.
Sigmund is poisoned.
Sigmund is heavily wounded.
Sigmund hits you from afar with a +1 scythe of venom.
You shoot an arrow. The arrow barely misses Sigmund.
Sigmund hits you from afar with a +1 scythe of venom.
Sigmund barely misses you.
You shoot an arrow. The arrow barely misses Sigmund.
Sigmund gestures wildly while chanting.
Sigmund flickers and vanishes!
Deactivating autopickup; reactivate with Ctrl-A.
You shoot an arrow. Something hits you!
You shoot an arrow.
Nothing appears to happen.
You hear some strange, mumbled words.
A puff of flame appears from out of thin air!
The puff of flame hits you. You resist. Something hits you!
You die...

#.#.# #.# #.#.# ## #.#
######## #.#.# .. #.#
.......###.#.# .# #%#
######.....#.# .# ##.# #
#######.# .# #..# #
###...^...# {# #.##
####.....###.####.# #%#
##...#.#........@.# #.#
##.#......##.###### #.#
.....#.#..##.# #.#
###.......##.# #.#
#%.......##.# #?#######
#.#########.########.#......<#
#.##.................#########
#.##.######.##########
#%##.#<.......#


There were no monsters in sight!

Vanquished Creatures
  3 adders (D:2)
  2 worms (D:2)
  4 ball pythons
  4 bats
  3 endoplasms
  4 giant cockroaches
  4 goblins
  2 hobgoblins
  7 jackals
  4 kobolds
  2 quokkas (D:1)
  3 frilled lizards (D:2)
  3 rats
45 creatures vanquished.

Notes
Turn   | Place    | Note
-------+----------+-------------------------------------------
     0 | D:1      | qw the Gargoyle Hunter began the quest for the Orb.
     0 | D:1      | Reached XP level 1. HP: 12/12 MP: 1/1
     0 | D:1      | 0 ||| qw: Version: 0.3-a-76-g4403597
     0 | D:1      | 0 ||| qw: Game counter: 88
     0 | D:1      | 0 ||| qw: Melee chars always use a shield: true
     0 | D:1      | 0 ||| qw: God list: Okawaru
     0 | D:1      | 0 ||| qw: Allow faded altars: false
     0 | D:1      | 0 ||| qw: Do Orc after clearing Dungeon:15 true
     0 | D:1      | 0 ||| qw: Do second Lair branch before Depths: true
     0 | D:1      | 0 ||| qw: Lair rune preference: random
     0 | D:1      | 0 ||| qw: Goals: Normal
     0 | D:1      | 0 ||| PLANNING D:1-11
    19 | D:1      | You fall into a shaft and drop 1 floor!
    62 | D:2      | 62 ||| DROPPING scroll of butterflies.
   223 | D:1      | Reached XP level 2. HP: 11/17 MP: 2/2
   664 | D:1      | Reached XP level 3. HP: 21/21 MP: 3/3
   793 | D:1      | 793 ||| UPGRADING to +0 ring mail.
   803 | D:1      | 803 ||| DROPPING +0 leather armour.
   804 | D:1      | 804 ||| UPGRADING to ring of protection from fire.
   805 | D:1      | 805 ||| READING scroll labelled DUIFFI DIOR.
   806 | D:1      | 806 ||| READING scroll labelled LEDANI USAO.
   905 | D:2      | Reached skill level 1 in Armour
   917 | D:2      | Found an iron altar of Okawaru.
   919 | D:2      | 919 ||| PLANNING OKAWARU WORSHIP
   919 | D:2      | 919 ||| UPGRADING to ring of willpower.
   920 | D:2      | 920 ||| READING scroll labelled BAFAQI DEOS.
   921 | D:2      | 921 ||| DRINKING 2 orange potions.
   927 | D:2      | Reached skill level 5 in Ranged Weapons
   936 | D:2      | Became a worshipper of Warmaster Okawaru
   937 | D:2      | 937 ||| PLANNING D:1-11
  1047 | D:2      | Reached XP level 4. HP: 27/27 MP: 4/4
  1080 | D:2      | Reached skill level 3 in Fighting
  1299 | D:2      | Noticed Sigmund
  1309 | D:2      | HP: 6/28 [something/puff of flame (3)]
  1309 | D:2      | Slain by Sigmund

Levels and vault maps discovered:
D:1:      dpeg_arrival_pond, layout_basic, minmay_misc_feat_hallway,
          grunt_decor_arrowhead
D:2:      layout_basic, basic_altar, glass_columns_a, minmay_tetromino_i2,
          uniq_sigmund

Skill      XL: |  1  2  3  4 |
---------------+-------------+-----
Armour         | 1 |  1.0
Ranged Weapons | 5 |  5.3
Fighting       | 3 |  3.0
Dodging        | |  1.5
Stealth        | |  1.1

Action                     |  1- 3 |  4- 6 || total
---------------------------+-------+-------++-------
   Fire: Shortbow          |    99 |    42 ||   141
    Use: Scroll            |     3 |       ||     3
         Potion            |     1 |       ||     1
 Armour: Leather armour    |    16 |       ||    16
         Ring mail         |    18 |    16 ||    34
  Dodge: Dodged            |    22 |    12 ||    34

Table legend:
 A = Non-vault XP
 B = Vault XP
 C = Vault XP percentage of total XP
 D = Non-vault monster count
 E = Vault monster count
 F = Vault count percentage of total count
                 A         B        C        D         E       F
            +---------+---------+-------+---------+---------+-------
      Total |     114 |       4 |   3.4 |      43 |       2 |   4.4
            +---------+---------+-------+---------+---------+-------
        D:1 |      33 |       0 |   0.0 |      17 |       0 |   0.0
        D:2 |      81 |       4 |   4.7 |      26 |       2 |   7.1
            +---------+---------+-------+---------+---------+-------
